 Dungeon Crawl Stone Soup version 0.31-a0-806-g0bc164a743 (webtiles) character file.

Game seed: 13231547514603765862

75 arthad the Digger (level 4, 0/24 HPs)
             Began as a Deep Elf Earth Elementalist on Sept 21, 2023.
             Slain by a gnoll
             ... wielding a +0 club
              (3 damage)
             ... on level 2 of the Dungeon.
             The game lasted 00:03:04 (1531 turns).

arthad the Digger (Deep Elf Earth Elementalist)     Turns: 1531, Time: 00:03:05

Health: 0/24       AC:  2    Str:  5    XL:     4   Next: 11%
Magic:  7/11       EV: 28    Int: 22    God:
Gold:   85         SH:  0    Dex: 15    Spells: 6/10 levels left

rFire   + + .        l - staff of fire
rCold   + . .        (no shield)
rNeg    . . .        a - +0 robe
rPois   +            (no helmet)
rElec   +            (no cloak)
rCorr   +            (no gloves)
SInv    .            (no boots)
Will    .....        d - amulet of the acrobat
Stlth   ++           (no ring)
HPRegen 0.24/turn    (no ring)
MPRegen 0.12/turn

%: acrobat
@: resistant, acrobatic
A: no striking features
a: no special abilities


You were on level 2 of the Dungeon.
You visited 1 branch of the dungeon, and saw 2 of its levels.

You collected 85 gold pieces.

Inventory:

Armour
 a - a +0 robe (worn)
Magical Staves
 l - a staff of fire (weapon)
Jewellery
 d - an amulet of the acrobat (around neck)
Scrolls
 c - a scroll of blinking {unknown}
 e - 2 scrolls of teleportation {unknown}
 f - a scroll of vulnerability {unknown}
 g - 2 scrolls of fog {unknown}
 h - a scroll of summoning {unknown}
 i - a scroll of identify {unknown}
 k - a scroll of poison {unknown}
Potions
 b - a potion of magic


   Skills:
 + Level 0.0 Fighting
 + Level 0.0 Armour
 + Level 3.1 Dodging
 + Level 3.3 Stealth
 * Level 3.7 Spellcasting
 * Level 0.2 Conjurations
 + Level 0.0 Summonings
 + Level 2.0 Transmutations
 * Level 3.9 Earth Magic
 + Level 0.0 Evocations


You had 6 spell levels left.
You knew the following spells:

 Your Spells              Type           Power      Damage    Failure   Level
a - Sandblast             Erth           42%        2d11      2%          1
b - Stone Arrow           Conj/Erth      26%        3d8       16%         3

Your spell library contained the following spells:

 Spells                   Type           Power      Damage    Failure   Level
 Passwall                 Tmut/Erth      14%        N/A       5%          2
 Static Discharge         Conj/Air       8%         2-3/arc   17%         2
 Call Canine Familiar     Summ           4%         N/A       32%         3
 Sigil of Binding         Hex            4%         N/A       34%         3
 Petrify                  Tmut/Erth      17%        N/A       34%         4
 Brom's Barrelling Bould  Conj/Erth      13%        2d4       45%         4
 Leda's Liquefaction      Hex/Erth       6%         N/A       45%         4
 Airstrike                Air            2%         2d(1-17)  75%         4
 Dimensional Bullseye     Hex/Tloc       2%         N/A       75%         4
 Summon Lightning Spire   Summ/Air       4%         N/A       75%         4


Dungeon Overview and Level Annotations

Branches:
Dungeon (2/15)

Altars:


Message History

Found an escape hatch in the floor.
A dart slug comes into view.
The dart slug launches a dart at you. The slug dart hits you.
The blast of sand hits the dart slug.
The dart slug is lightly wounded.
The blast of sand hits the dart slug.
The dart slug is severely wounded.
The blast of sand hits the dart slug!
You kill the dart slug!
You see here a dart slug corpse.
You open the door. 4 gnolls come into view.
There are monsters nearby!
The blast of sand hits the gnoll.
The gnoll is moderately wounded.
The gnoll shouts! x3
The blast of sand hits the gnoll!
You kill the gnoll!
The gnoll closely misses you.
Your Transmutations skill increases to level 2!
The blast of sand hits the gnoll!
The gnoll is almost dead.
The gnoll barely misses you.
The gnoll hits you from afar with a +0 spear.
The gnoll hits you with a +0 club. The gnoll misses you.
The blast of sand hits the gnoll!
You kill the gnoll!
The gnoll hits you from afar with a +0 spear.
* * * LOW HITPOINT WARNING * * *
You have reached level 4!
You feel clever. The gnoll attacks as it pursues you!
The gnoll closely misses you.
You are too injured to fight recklessly!
It was a potion of resistance.
You feel protected. The gnoll hits you with a +0 club.
* * * LOW HITPOINT WARNING * * *
The gnoll attacks as it pursues you! The gnoll hits you with a +0 club.
You die...

########## #........#
#.######.# ######.####
##.#.......###.#
########>...##....))..#
.......†@...#####.#####
########g..## #.# ##.##
#.# #.# #.# ### #g#
#.###.## #)# #.##.#.##
... #...###.# .....
####.#.## .......
##.#.##


You could see 2 gnolls.

Vanquished Creatures
  5 gnolls (D:2)
  A worm (D:2)
  2 dart slugs
  A ball python (D:1)
  An endoplasm (D:1)
  3 hobgoblins
  3 quokkas
  A bat (D:1)
  3 goblins (D:1)
  2 kobolds (D:1)
  A rat (D:2)
23 creatures vanquished.

Notes
Turn   | Place    | Note
-------+----------+-------------------------------------------
     0 | D:1      | arthad the Deep Elf Earth Elementalist began the quest for
                  | the Orb.
     0 | D:1      | Reached XP level 1. HP: 10/10 MP: 6/6
   211 | D:1      | Reached XP level 2. HP: 15/15 MP: 6/8
   570 | D:1      | Found a faded altar of an unknown god.
  1408 | D:2      | Reached XP level 3. HP: 16/19 MP: 6/10
  1428 | D:2      | Learned a level 3 spell: Stone Arrow
  1527 | D:2      | Reached XP level 4. HP: 7/24 MP: 6/11
  1531 | D:2      | Slain by a gnoll

Illustrated notes

Levels and vault maps discovered:
D:1:      lemuel_arrival_river_bridge, layout_basic,
          ebering_ecumenical_altar_petrified, chequers_serial_rivers_micro_a,
          amcnicky_mini_rare_corridor_liquid
D:2:      layout_loops_corners

Skill      XL: |  1  2  3 |
---------------+----------+-----
Stealth        | 3 |  3.3
Dodging        | 3 |  3.1
Transmutations | 2 |  2.0
Spellcasting   | |  3.7
Conjurations   | |  0.2
Earth Magic    | |  3.9

Action                     |  1- 3 |  4- 6 || total
---------------------------+-------+-------++-------
   Cast: Sandblast         |    37 |       ||    37
    Use: Potion            |       |     1 ||     1
 Armour: Robe              |     9 |     2 ||    11
  Dodge: Dodged            |     5 |     1 ||     6

Table legend: (Time is in decaauts)
 A = Elapsed time spent in this place.
 B = Non-inter-level travel time spent in this place.
 C = Inter-level travel time spent in this place.
 D = Time resting spent in this place.
 E = Time spent auto-exploring this place.
 F = Levels seen in this place.
 G = Mean time per level.
                   A        B        C        D        E       F      G
               +--------+--------+--------+--------+--------+-----+--------+
         Total |   1549 |   1541 |      8 |      0 |   1399 |   2 |  774.5 |
       Dungeon |   1549 |   1541 |      8 |      0 |   1399 |   2 |  774.5 |
               +--------+--------+--------+--------+--------+-----+--------+

Top non-repeatable levels by time:
     D:1: 903 daAuts
     D:2: 646 daAuts
